 Dungeon Crawl Stone Soup version 0.31-a0-925-g0a390f2509 (webtiles) character file.

Game seed: 5279055133583894813

9063 voltaire321 the Covert (level 11, -2/74 HPs)
             Began as an Octopode Hedge Wizard on Oct 18, 2023.
             Was a Follower of Sif Muna.
             Slain by a spark wasp (shapeshifter) (17 damage)
             ... on level 9 of the Dungeon on Oct 19, 2023.
             The game lasted 00:55:39 (13321 turns).

voltaire321 the Covert (Octopode Hedge Wizard)     Turns: 13321, Time: 00:55:40

Health: -2/74      AC: 14    Str: 10    XL:     11   Next: 40%
Magic:  6/21       EV: 18    Int: 21    God:    Sif Muna [*.....]
Gold:   623        SH:  0    Dex: 20    Spells: 8/23 levels left

rFire   . . .        E - +7 whip "Sacon" {venom, rC+ Dex+3}
rCold   + . .        (no shield)
rNeg    . . .        b - +1 hat
rPois   .            e - amulet of the acrobat
rElec   .            i - +6 ring of dexterity
rCorr   .            p - ring of willpower
SInv    .            w - +4 ring of protection
Will    +....        u - +4 ring of protection
Stlth   ++++++       B - +4 ring of protection
HPRegen 0.32/turn    (no ring)
MPRegen 0.17/turn    (no ring)
                     (no ring)

%: acrobat
@: no status effects
A: almost no armour, amphibious, 8 rings, camouflage 1, gelatinous body 1,
(nimble swimmer 1), tentacles
a: Renounce Religion, Channel Magic


You were on level 9 of the Dungeon.
You worshipped Sif Muna.
Sif Muna was aware of your devotion.
You visited 2 branches of the dungeon, and saw 10 of its levels.
You also visited: Sewer and Bailey.

You collected 623 gold pieces.

Inventory:

Hand Weapons
 r - a +3 dagger of venom
 A - a +3 short sword
 E - the +7 whip "Sacon" (weapon) {venom, rC+ Dex+3}
   (You found it in a bailey)

   Dex+3:     It affects your dexterity (+3).
   rC+:       It protects you from cold.
 F - a +2 dagger of electrocution
 J - a +0 rapier
Missiles
 m - 2 throwing nets
 I - 4 curare-tipped darts
Armour
 b - a +1 hat (worn)
Magical Staves
 K - a staff of conjuration
Jewellery
 e - an amulet of the acrobat (around mantle)
 i - a +6 ring of dexterity (left tentacle)
 p - a ring of willpower (right tentacle)
 u - a +4 ring of protection (on tentacle)
 w - a +4 ring of protection (on tentacle)
 B - a +4 ring of protection (on tentacle)
Wands
 c - a wand of flame (19)
 o - a wand of charming (3)
 x - a wand of mindburst (13)
 y - a wand of polymorph (7)
 D - a wand of roots (7)
Scrolls
 a - 2 scrolls of fear
 d - 3 scrolls of identify
 j - 2 scrolls of blinking
 l - 2 scrolls of enchant armour
 v - 4 scrolls of enchant weapon
 C - a scroll of fog
Potions
 f - 6 potions of enlightenment
 g - 3 potions of heal wounds
 h - a potion of brilliance
 k - 2 potions of invisibility
 n - 2 potions of mutation
 q - 3 potions of lignification
 s - 2 potions of haste
 t - a potion of berserk rage
 z - a potion of might
 G - a potion of ambrosia
 H - a potion of curing


   Skills:
 + Level 6.7 Fighting
 + Level 7.2 Dodging
 + Level 9.8 Stealth
 + Level 6.6 Spellcasting
 + Level 6.6 Conjurations
 + Level 6.4 Summonings
 - Level 6.0 Translocations
 + Level 2.4 Earth Magic


You had 8 spell levels left.
You knew the following spells:

 Your Spells              Type           Power      Damage    Failure   Level
a - Magic Dart            Conj           100%       1d8       1%          1
b - Blink                 Tloc           64%        N/A       1%          2
c - Call Imp              Summ           68%        N/A       1%          2
d - Call Canine Familiar  Summ           34%        N/A       1%          3
e - Airstrike             Air            3%         2d(1-17)  65%         4
f - Stone Arrow           Conj/Erth      52%        3d10      4%          3

Your spell library contained the following spells:

 Spells                   Type           Power      Damage    Failure   Level
 Summon Small Mammal      Summ           100%       N/A       1%          1
 Shock                    Conj/Air       80%        1d8       2%          1
 Summon Guardian Golem    Hex/Summ       20%        N/A       8%          3
 Necrotise                Necr           28%        1d5       9%          1
 Slow                     Hex            28%        N/A       9%          1
 Mephitic Cloud           Conj/Pois/Air  16%        N/A       11%         3
 Cigotuvi's Dreadful Rot  Necr/Pois/Air  14%        N/A       14%         2
 Sublimation of Blood     Necr           7%         N/A       14%         2
 Wereblood                Tmut           7%         N/A       14%         2
 Flame Wave               Conj/Fire      20%        2d7       24%         4
 Fulminant Prism          Conj/Hex       10%        3d9       24%         4
 Sticky Flame             Conj/Fire      20%        2d4       24%         4
 Ignite Poison            Fire/Tmut/Pois 7%         N/A       26%         3
 Swiftness                Air            7%         N/A       26%         3
 Vampiric Draining        Necr           7%         2d6       26%         3
 Freezing Cloud           Conj/Ice/Air   8%         6-21      71%         5
 Agony                    Necr           7%         N/A       94%         5
 Summon Hydra             Summ           17%        N/A       99%         7
 Ignition                 Fire           3%         3d4       100%        8
 Lehudib's Crystal Spear  Conj/Erth      13%        10d4      100%        8
 Animate Armour           Summ/Erth      Unusable   N/A       N/A         4

Dungeon Overview and Level Annotations

Branches:
Dungeon (9/15)             Temple (1/1) D:6            Lair (0/5) D:8
  Sewer (visited)          Bailey (visited)
    Orc: D:9-12

Altars:
Ashenzari
Cheibriados
Elyvilon
Fedhas
Gozag
Hepliaklqana
Kikubaaqudgha
Makhleb
Nemelex Xobeh
Okawaru
Qazlal
Ru
Sif Muna
Trog
Uskayaw
Vehumet
Wu Jian
Xom
Yredelemnul
Zin
The Shining One

Shops:
D:3 (   D:5 (   D:8 :

Annotations:
D:4 2 runed translucent doors, exclusion: oklob plant, Rudyous's ghost, amateur DEFE


Innate Abilities, Weirdness & Mutations

You cannot wear most types of armour.
You are amphibious.
You can wear up to eight rings at the same time.
Your skin changes colour to match your surroundings (Stealth+).
Your rubbery body absorbs attacks. (AC +1, EV +1)
((You are camouflaged when in or above water. (Stealth+)))
You have tentacles for arms and can constrict up to eight enemies at once.


Message History

The stone arrow hits the spark wasp!
The spark wasp is lightly wounded.
The spark wasp buzzes angrily.
The spark wasp bursts into living lightning!
The living lightning hits you!!
The spark wasp blinks!
The spark wasp closely misses you.
Casting: Stone Arrow (dangerous; 4% risk of failure)
Confirm with . or Enter, or press ? or * to list all spells.
Aiming: Stone Arrow (dangerous; 4% risk of failure)
Press: ? - help, Shift-Dir - straight line, f/p - spark wasp
Aim: a spark wasp (lightly wounded, 57% to hit)
The stone arrow misses the spark wasp.
The spark wasp stings you! The spark wasp shocks you!
Casting: Stone Arrow (dangerous; 4% risk of failure)
Confirm with . or Enter, or press ? or * to list all spells.
Aiming: Stone Arrow (dangerous; 4% risk of failure)
Press: ? - help, Shift-Dir - straight line, f/p - spark wasp
Aim: a spark wasp (lightly wounded, 57% to hit)
The stone arrow misses the spark wasp.
The spark wasp stings you but does no damage. x2
Casting: Stone Arrow (dangerous; 4% risk of failure)
Confirm with . or Enter, or press ? or * to list all spells.
Aiming: Stone Arrow (dangerous; 4% risk of failure)
Press: ? - help, Shift-Dir - straight line, f/p - spark wasp
Aim: a spark wasp (lightly wounded, 57% to hit)
The stone arrow hits the spark wasp.
The spark wasp is lightly wounded.
The spark wasp closely misses you.
Casting: Stone Arrow (dangerous; 4% risk of failure)
Confirm with . or Enter, or press ? or * to list all spells.
Aiming: Stone Arrow (dangerous; 4% risk of failure)
Press: ? - help, Shift-Dir - straight line, f/p - spark wasp
Aim: a spark wasp (lightly wounded, 57% to hit)
The stone arrow hits the spark wasp.
The spark wasp is moderately wounded.
The spark wasp stings you but does no damage.
The spark wasp stings you!
* * * LOW HITPOINT WARNING * * *
The spark wasp shocks you!
You die...

######### #.......#
.........# #.......#
..........# #.......#
..........# #.......#
..........# #.......'
..........# #.......#
..........# #.......#
..........#######.......#
........@y.....##.......#
..........####..'......^.
#######.### ####.......#
#...# ##'###### ##.###
#.# #..# #.# #.## #.#
##'####### #.# #....>...#
##.# #


You could see a spark wasp.

Vanquished Creatures
  2 two-headed ogres
  A deep elf pyromancer (Bailey)
  A cyclops (D:9)
  A gargoyle (D:9)
  Jeremiah (D:6)
  A komodo dragon (D:8)
  Sigmund (D:2)
  A basilisk (D:8)
  5 steam dragons
  2 water moccasins
  3 wargs (D:8)
  Duvessa (D:7)
  6 orc warriors
  2 ice beasts (D:7)
  An ogre (D:5)
  5 black bears
  A sky beast (D:8)
  3 centaurs
  A phantom (D:7)
  2 kobold brigands
  2 bullfrogs (D:7)
  3 scorpions
  8 wights
  Dowan (D:7)
  6 killer bees (D:9)
  6 howler monkeys
  3 hounds
  A jelly (D:5)
  2 gnoll boudas
  4 orc priests
  2 sleepcaps
  5 iguanas
  Ijyb (D:5)
  7 orc wizards
  Robin (D:3)
  11 gnolls
  14 adders
  4 river rats (Sewer)
  A white imp (D:6)
  2 ufetubi (D:6)
  6 worms
  3 dart slugs
  58 orcs
  20 bats
  6 endoplasms
  8 giant cockroaches
  14 goblins
  3 hobgoblins
  4 jackals
  7 quokkas
  21 ball pythons
  9 frilled lizards
  14 kobolds
  6 rats
304 creatures vanquished.

Vanquished Creatures (collateral kills)
  An orc knight (Bailey)
  A wight (D:6)
2 creatures vanquished.

Vanquished Creatures (others)
  A sky beast (D:7)
  Jessica (D:2)
  3 kobolds (D:8)
5 creatures vanquished.

Grand Total: 311 creatures vanquished

Notes
Turn   | Place    | Note
-------+----------+-------------------------------------------
     0 | D:1      | voltaire321 the Octopode Hedge Wizard began the quest for
                  | the Orb.
     0 | D:1      | Reached XP level 1. HP: 11/11 MP: 4/4
   169 | D:1      | Reached XP level 2. HP: 17/17 MP: 4/6
   172 | D:1      | Learned a level 2 spell: Blink
   175 | D:1      | Learned a level 2 spell: Call Imp
   385 | D:1      | Reached skill level 3 in Stealth
   840 | D:1      | Reached XP level 3. HP: 21/22 MP: 0/7
  1000 | D:2      | Reached skill level 1 in Fighting
  1188 | D:2      | Noticed Sigmund
  1597 | D:2      | Killed Sigmund
  1598 | D:2      | Reached XP level 4. HP: 29/29 MP: 6/9
  1598 | D:2      | Reached XP level 5. HP: 34/34 MP: 6/10
  1669 | D:2      | Noticed Jessica
  1705 | D:2      | Killed Jessica
  1848 | D:2      | Reached XP level 6. HP: 39/39 MP: 7/11
  2084 | D:2      | Reached skill level 4 in Stealth
  2606 | D:3      | Found a glowing drain.
  2632 | Sewer    | Entered a sewer
  3686 | D:3      | Found Qusiniun's Weapon Shop.
  3809 | D:3      | Reached XP level 7. HP: 45/45 MP: 5/12
  4479 | D:3      | Noticed Robin
  4487 | D:3      | Killed Robin
  4777 | D:4      | Learned a level 3 spell: Call Canine Familiar
  4805 | D:4      | Reached skill level 5 in Stealth
  5077 | D:4      | Found a large runed translucent door.
  5084 | D:4      | Found a large runed translucent door.
  5097 | D:4      | Reached XP level 8. HP: 41/52 MP: 10/14
  5137 | D:4      | Noticed Rudyous's ghost (amateur DEFE)
  5750 | D:4      | Found a blossoming altar of Fedhas.
  5781 | D:4      | Noticed an oklob plant
  5860 | D:5      | Entered Level 5 of the Dungeon
  6125 | D:5      | Found a burning altar of Makhleb.
  6125 | D:5      | Found a stormy altar of Qazlal.
  6125 | D:5      | Found a snail-covered altar of Cheibriados.
  6405 | D:5      | Found Xoonater's Hydra Hut.
  6406 | D:5      | Noticed a six-headed hydra
  6643 | D:5      | Reached skill level 6 in Stealth
  6751 | D:5      | Noticed Ijyb
  6759 | D:5      | Killed Ijyb
  7510 | D:6      | Reached XP level 9. HP: 38/58 MP: 9/16
  7817 | D:6      | Reached skill level 5 in Dodging
  7891 | D:6      | Found a glowing silver altar of Zin.
  7954 | D:6      | Found a hide-covered altar of Uskayaw.
  8154 | D:6      | Found a staircase to the Ecumenical Temple.
  8238 | D:6      | Noticed Jeremiah
  8251 | D:6      | Killed Jeremiah
  8252 | D:6      | Reached skill level 7 in Stealth
  8252 | D:6      | Reached skill level 5 in Spellcasting
  8683 | D:7      | Found a flagged portal.
  8694 | Bailey   | Entered a bailey
  8762 | Bailey   | Noticed an orc knight
  8798 | Bailey   | Reached skill level 5 in Fighting
  8906 | Bailey   | Reached skill level 5 in Conjurations
  9079 | Bailey   | Killed an orc knight
  9080 | Bailey   | Reached skill level 5 in Summonings
  9080 | Bailey   | Reached skill level 5 in Translocations
  9080 | Bailey   | Reached XP level 10. HP: 17/66 MP: 11/18
  9290 | Bailey   | Found a large runed translucent door.
  9290 | Bailey   | Found a large runed translucent door.
  9290 | Bailey   | Noticed a deep elf pyromancer
  9390 | Bailey   | Reached skill level 8 in Stealth
  9473 | Bailey   | Killed a deep elf pyromancer
  9556 | Bailey   | Identified the +1 plate armour of Huizelob {rN+ Will+++
                  | Int+3 Dex-5}
  9560 | Bailey   | Identified the +7 whip "Sacon" {venom, rC+ Dex+3}
  9883 | D:7      | Noticed Duvessa
  9883 | D:7      | Noticed Dowan
  9912 | D:7      | Killed Duvessa
  9914 | D:7      | Killed Dowan
 10118 | D:7      | Noticed a two-headed ogre
 10119 | D:7      | Found a shimmering altar of Xom.
 10125 | D:7      | Killed a two-headed ogre
 10535 | Temple   | Entered the Ecumenical Temple
 10665 | Temple   | Became a worshipper of Sif Muna the Loreminder
 10752 | D:8      | Found Umeufab's Book Emporium.
 10828 | D:8      | Learned a level 4 spell: Airstrike
 11200 | D:8      | Learned a level 3 spell: Stone Arrow
 11255 | D:8      | Reached skill level 9 in Stealth
 11595 | D:8      | Reached * piety under Sif Muna
 11622 | D:8      | Reached skill level 1 in Earth Magic
 11622 | D:8      | Reached XP level 11. HP: 43/72 MP: 9/20
 11737 | D:8      | Found a staircase to the Lair.
 12194 | D:9      | Identified the of Reacea
 12247 | D:9      | Noticed a two-headed ogre
 12250 | D:9      | Noticed a cyclops
 12269 | D:9      | Killed a two-headed ogre
 12394 | D:9      | Killed a cyclops
 12719 | D:9      | Found a broken altar of Ashenzari.
 13315 | D:9      | Noticed a spark wasp
 13321 | D:9      | Slain by a spark wasp (shapeshifter)

Illustrated notes

Levels and vault maps discovered:
D:1:      dpeg_arrival_rooms_a, layout_loops_ring
D:2:      layout_basic, hangedman_decor_push, minivault_4,
          minmay_misc_feat_hallway, uniq_jessica, uniq_sigmund
D:3:      layout_loops_ring, serial_shops, nicolae_shop_bloodbath_and_beyond,
          gup_sewer_entry_glass, uniq_robin
D:4:      layout_cave_pools, tgw_fedhas, ebering_ghost_disaster_area
D:5:      layout_basic, gammafunk_temple_overflow_claw, doesnt_shop_hydraphobe,
          uniq_ijyb
D:6:      layout_basic, mainiacjoe_overflow_two_lobes,
          minmay_temple_entry_glass, uniq_jeremiah
D:7:      layout_loops_cross, mainiacjoe_overflow_alcove_2, enter_bailey_3,
          serial_glass, glass_columns_b, glass_columns_c, glass_columns_a,
          glass_columns_b, glass_columns_b, glass_columns_a, uniq_duvessa
D:8:      layout_basic, erik_lair_orcish_takeover, serial_shops,
          nicolae_stop_n_shop_2, minmay_lizard_king
D:9:      layout_roguey, lemuel_crystal_altar, minmay_radiant
Temple:   cyrus_circular_temple

Skill      XL: |  1  2  3  4  5  6  7  8  9 10 11 |
---------------+----------------------------------+-----
Stealth        | 3 4 5 6 7 9 |  9.8
Fighting       | 2 3 4 5 6 |  6.7
Conjurations   | 2 3 4 5 6 |  6.6
Summonings     | 2 3 4 5 6 |  6.4
Translocations | 2 3 4 5 6 |  6.0
Dodging        | 3 4 5 6 7 |  7.2
Spellcasting   | 4 5 6 |  6.6
Earth Magic    | 1 2 |  2.4

Action                     |  1- 3 |  4- 6 |  7- 9 | 10-12 || total
---------------------------+-------+-------+-------+-------++-------
  Melee: Dagger            |    37 |   112 |   252 |    47 ||   448
         Tentacles         |     7 |    27 |    80 |    74 ||   188
         Constrict         |     8 |    31 |    54 |    48 ||   141
         Punch             |       |     3 |     4 |     4 ||    11
         Whip              |       |       |       |   174 ||   174
   Cast: Magic Dart        |    72 |    88 |   122 |    70 ||   352
         Call Canine Famil |       |       |     5 |     6 ||    11
         Call Imp          |       |       |     4 |     3 ||     7
         Stone Arrow       |       |       |       |    37 ||    37
         Blink             |       |       |       |     3 ||     3
  Evoke: Wand              |       |       |       |     7 ||     7
    Use: Potion            |     2 |       |       |     3 ||     5
         Scroll            |       |       |    13 |     7 ||    20
   Stab: Sleeping          |     1 |     3 |    20 |     4 ||    28
         Distracted        |       |       |     1 |     2 ||     3
 Armour: Skin              |    28 |    41 |   116 |   151 ||   336
  Dodge: Dodged            |    29 |    87 |   190 |   252 ||   558

Table legend: (Time is in decaauts)
 A = Elapsed time spent in this place.
 B = Non-inter-level travel time spent in this place.
 C = Inter-level travel time spent in this place.
 D = Time resting spent in this place.
 E = Time spent auto-exploring this place.
 F = Levels seen in this place.
 G = Mean time per level.
                   A        B        C        D        E       F      G
               +--------+--------+--------+--------+--------+-----+--------+
         Total |  13334 |  12875 |    459 |   3520 |   6222 |  12 | 1111.2 |
       Dungeon |  11244 |  10785 |    459 |   2626 |   5775 |   9 | 1249.3 |
        Temple |    141 |    141 |      0 |    100 |      0 |   1 |  141.0 |
         Sewer |   1038 |   1038 |      0 |    343 |    447 |   1 | 1038.0 |
        Bailey |    908 |    908 |      0 |    451 |      0 |   1 |  908.0 |
               +--------+--------+--------+--------+--------+-----+--------+

Top non-repeatable levels by time:
     D:8: 1583 daAuts
     D:2: 1563 daAuts
     D:6: 1423 daAuts
     D:5: 1302 daAuts
     D:3: 1206 daAuts
     D:7: 1117 daAuts
     D:4: 1051 daAuts
   Sewer: 1038 daAuts
     D:9: 998 daAuts
     D:1: 997 daAuts
  Bailey: 908 daAuts
  Temple: 141 daAuts
